Map: Abyssal Reef LE

Players

PtitDrogo - Winner!

  • Race: Protoss Protoss
  • Spawn Location: 11:00

Zanster

  • Race: Zerg Zerg
  • Spawn Location: 5:00

Event: WCS Austin 2017

VOD

Have the link to the VOD?

Description

Time

  • Played on: April 28, 2017, 6:42 p.m.
  • Length: 10:44

All games in this series

Show
View Real Time Build Order
Export as new Build Order

PtitDrogo Protoss - Winner!

Build Orders: 1 Gate Expand, Oracle Opening, Zealot Archon 

Get SALT Encoding   

  12  0:01  Probe (Chrono Boost)  
  13  0:11  Probe (Chrono Boost)  
  14  0:19  Pylon  
  14  0:22  Probe (Chrono Boost)  
  15  0:37  Probe (Chrono Boost)  
  15  0:40  Gateway  
  16  0:48  Probe (Chrono Boost)  
  16  0:49  Assimilator  
  17  0:58  Probe (Chrono Boost)  
  18  1:09  Probe (Chrono Boost)  
  19  1:21  Nexus  
  19  1:24  Probe (Chrono Boost)  
  20  1:35  Cybernetics Core  
  20  1:37  Probe (Chrono Boost)  
  21  1:43  Assimilator  
  21  1:48  Probe (Chrono Boost)  
  21  1:52  Pylon  
  22  1:58  Probe (Chrono Boost)  
  23  2:08  Adept  
  23  2:11  Probe (Chrono Boost)  
  23  2:12  Warp Gate  
  27  2:23  Probe (Chrono Boost)  
  27  2:33  Stargate  
  27  2:34  Probe (Chrono Boost)  
  27  2:36  Probe (Chrono Boost), Stalker  
  31  2:44  Probe (Chrono Boost)  
  31  2:48  Probe (Chrono Boost)  
  33  2:55  Probe (Chrono Boost)  
  35  2:58  Gateway  
  35  3:00  Probe (Chrono Boost)  
  35  3:05  Adept  
  36  3:07  Mothership Core (Chrono Boost)  
  39  3:16  Probe (Chrono Boost)  
  40  3:24  Pylon  
  40  3:25  Probe (Chrono Boost)  
  41  3:31  Gateway  
  41  3:33  Pylon  
  41  3:35  Oracle  
  41  3:38  Probe (Chrono Boost)  
  41  3:40  Probe (Chrono Boost)  
  46  3:50  Probe x2 (Chrono Boost)  
  48  4:01  Probe (Chrono Boost)  
  50  4:02  Probe (Chrono Boost)  
  50  4:08  Pylon, Oracle  
  50  4:10  Nexus  
  50  4:11  Probe (Chrono Boost)  
  50  4:15  Probe (Chrono Boost)  
  55  4:22  Probe (Chrono Boost)  
  55  4:23  Adept  
  58  4:26  Adept  
  58  4:27  Probe (Chrono Boost), Adept  
  63  4:32  Probe (Chrono Boost)  
  63  4:33  Pylon  
  65  4:39  Probe (Chrono Boost)  
  65  4:46  Probe (Chrono Boost)  
  67  4:54  Probe (Chrono Boost)  
  67  4:56  Assimilator, Probe (Chrono Boost)  
  67  4:59  Assimilator  
  68  5:02  Robotics Facility  
  68  5:06  Probe (Chrono Boost)  
  69  5:07  Zealot x2, Probe (Chrono Boost), Sentry  
  69  5:12  Pylon  
  76  5:18  Probe x2 (Chrono Boost)  
  78  5:24  Probe (Chrono Boost)  
  78  5:28  Probe (Chrono Boost)  
  80  5:29  Twilight Council  
  80  5:30  Probe (Chrono Boost)  
  80  5:32  Forge  
  80  5:34  Probe (Chrono Boost)  
  82  5:37  Zealot  
  82  5:38  Zealot x2  
  82  5:39  Probe (Chrono Boost)  
  82  5:41  Pylon  
  90  5:42  Probe (Chrono Boost)  
  90  5:48  Probe (Chrono Boost)  
  90  5:49  Immortal  
  92  5:50  Probe (Chrono Boost)  
  92  5:55  Probe (Chrono Boost)  
  97  5:58  Probe (Chrono Boost), Gateway, Protoss Ground Weapons Level 1  
  97  5:59  Gateway  
  97  6:00  Charge  
  97  6:02  Probe (Chrono Boost)  
  97  6:03  Gateway  
  99  6:07  Probe (Chrono Boost)  
  99  6:09  Probe (Chrono Boost)  
  102  6:23  Assimilator  
  102  6:24  Assimilator  
  101  6:25  Warp Prism  
  101  6:28  Templar Archives  
  101  6:29  Phoenix  
  105  6:39  Pylon  
  105  6:40  Pylon  
  105  6:43  Pylon  
  105  6:45  Pylon  
  105  6:49  Sentry x2  
  109  6:59  Observer, Gateway  
  109  7:01  Gateway  
  109  7:04  Pylon  
  109  7:07  Pylon  
  110  7:08  Zealot x2  
  110  7:09  Zealot x2  
  118  7:16  Immortal  
  118  7:18  High Templar  
  118  7:19  High Templar  
  126  7:23  Archon  
  126  7:26  Probe (Chrono Boost)  
  126  7:29  Gateway x2  
  127  7:30  Zealot  
  127  7:31  Zealot x3  
  127  7:34  Pylon  
  127  7:36  Psionic Storm, Photon Cannon  
  135  7:42  Photon Cannon  
  135  7:51  High Templar x2  
  137  7:55  High Templar  
  141  8:00  Immortal  
  145  8:05  Zealot x2  
  145  8:06  Zealot x3  
  155  8:22  Protoss Ground Weapons Level 2  
  153  8:30  Zealot x6  
  153  8:31  Zealot x2  
  165  8:48  Nexus  
  165  8:49  Pylon x2  
  165  8:52  Pylon  
  164  9:04  Probe x2 (Chrono Boost)  
  164  9:07  High Templar x2  
  164  9:08  Photon Cannon  
  168  9:10  Gateway  
  168  9:11  Gateway  
  168  9:16  Photon Cannon  
  168  9:18  Pylon  
  168  9:19  High Templar  
  168  9:20  High Templar x3, Pylon  
  168  9:21  High Templar  
  168  9:22  High Templar  
  180  9:25  Archon x2  
  180  9:26  Archon  
  180  9:30  Zealot x2  
  181  9:51  Pylon  
  179  9:54  Photon Cannon  
  179  9:55  Pylon  
  179  9:56  Zealot x6, Gateway  
  179  9:57  Zealot  
  174  10:03  Zealot x3  
  154  10:20  Zealot x4  
  155  10:22  Zealot x3  
  155  10:24  Zealot x2  
  155  10:41  Zealot x5  
  155  10:42  Zealot x3  
Show
View Real Time Build Order
Export as new Build Order

Zanster Zerg 

Build Orders: Hatch First 

Get SALT Encoding   

  12  0:00  Drone  
  13  0:13  Overlord  
  13  0:17  Drone  
  14  0:31  Drone  
  14  0:32  Drone  
  14  0:35  Drone  
  17  0:52  Hatchery  
  17  0:55  Drone  
  17  0:58  Drone  
  18  1:09  Extractor  
  17  1:14  Spawning Pool  
  17  1:16  Drone  
  17  1:19  Drone  
  18  1:28  Drone  
  19  1:40  Overlord  
  19  1:51  Drone  
  20  2:02  Queen  
  20  2:04  Queen, Zergling x2  
  20  2:05  Zergling x2  
  26  2:09  Metabolic Boost  
  26  2:13  Drone  
  27  2:18  Drone  
  28  2:23  Drone  
  28  2:27  Drone  
  30  2:33  Drone  
  30  2:36  Drone  
  32  2:47  Hatchery  
  32  2:49  Drone  
  32  2:51  Drone  
  33  2:54  Drone  
  34  2:59  Overlord  
  34  3:05  Drone  
  35  3:09  Zergling x2  
  35  3:11  Spore Crawler  
  35  3:16  Drone  
  35  3:18  Drone x4  
  40  3:21  Zergling x2  
  40  3:25  Overlord  
  42  3:32  Drone  
  42  3:36  Evolution Chamber  
  42  3:38  Drone  
  42  3:39  Spore Crawler  
  42  3:40  Queen  
  43  3:42  Drone  
  43  3:46  Drone  
  43  3:47  Drone x2  
  47  3:50  Overlord  
  47  3:53  Overlord  
  47  4:01  Zerg Melee Weapons Level 1  
  47  4:02  Baneling Nest  
  47  4:09  Drone, Queen  
  49  4:12  Zergling x4  
  49  4:13  Zergling x2  
  52  4:20  Spore Crawler  
  52  4:21  Zergling x2  
  52  4:22  Zergling x6  
  55  4:24  Zergling x2  
  55  4:25  Zergling x2  
  56  4:32  Zergling x8  
  56  4:36  Spore Crawler  
  56  4:38  Zergling x4  
  61  4:43  Overlord  
  61  4:51  Overlord  
  61  4:57  Baneling x4  
  61  4:58  Baneling  
  61  5:00  Drone x5  
  61  5:01  Drone x2  
  61  5:03  Drone  
  69  5:07  Overlord  
  69  5:11  Overlord  
  69  5:12  Drone  
  69  5:15  Baneling x2  
  69  5:20  Zergling x2  
  69  5:21  Zergling x10  
  74  5:22  Zergling x2  
  74  5:23  Zergling x2  
  76  5:29  Zergling x4  
  76  5:33  Extractor  
  76  5:39  Lair  
  76  5:42  Extractor  
  74  5:45  Drone x4  
  74  5:49  Overlord  
  76  5:56  Drone  
  77  5:59  Drone x4  
  77  6:00  Drone  
  82  6:05  Hatchery  
  82  6:09  Drone x6  
  83  6:19  Zergling x2  
  83  6:20  Zergling x6  
  83  6:24  Zergling x2  
  83  6:25  Zergling x2  
  89  6:27  Overlord  
  89  6:31  Zergling x14  
  89  6:32  Zergling x2  
  97  6:38  Overlord, Zerg Melee Weapons Level 2  
  97  6:45  Zergling x6  
  97  6:46  Overlord  
  99  7:05  Drone x3  
  99  7:06  Drone x5  
  104  7:09  Centrifical Hooks  
  104  7:13  Hatchery  
  103  7:16  Zergling x12  
  103  7:21  Overlord  
  109  7:28  Drone  
  109  7:29  Drone x3  
  113  7:30  Extractor  
  113  7:32  Drone x2  
  113  7:35  Zergling x2  
  113  7:36  Zergling x12  
  119  7:44  Spore Crawler  
  119  7:45  Overlord  
  119  7:48  Infestation Pit, Zergling x6  
  120  7:51  Extractor  
  120  7:53  Queen  
  121  8:02  Drone  
  121  8:03  Drone x7  
  128  8:06  Extractor  
  128  8:07  Extractor  
  128  8:12  Zergling x14  
  133  8:14  Overlord  
  130  8:21  Drone x2  
  130  8:27  Hive  
  130  8:28  Drone  
  130  8:29  Drone x2  
  131  8:38  Drone x2  
  131  8:39  Drone  
  131  8:40  Spire  
  133  8:47  Baneling  
  133  8:48  Baneling x7  
  130  8:59  Zergling x20  
  130  9:00  Zergling x4  
  142  9:05  Overlord  
  142  9:09  Baneling  
  140  9:10  Baneling x5  
  140  9:11  Zergling x2  
  140  9:12  Zergling x8  
  140  9:16  Drone x4  
  149  9:18  Drone  
  149  9:19  Drone  
  149  9:20  Drone  
  150  9:38  Zergling x22  
  151  9:48  Zergling x2  
  151  9:49  Zergling x6  
  147  9:58  Baneling x7  
  118  10:13  Baneling x2  
  99  10:14  Zergling x2  
  99  10:15  Zergling x22  
  99  10:19  Zergling x12  
  99  10:20  Zergling x4  
  99  10:21  Zergling x2  
  109  10:25  Baneling  
  109  10:26  Baneling x6  
Tags
 
Add a new tag
Caveats
  • Supply blocks, unpowered buildings, or Contaminate may cause inaccurate times.
  • Supply counts are checked every 10 seconds.